 Dungeon Crawl Stone Soup version 0.30-a0-414-gcb316572d5 (webtiles) character file.

Game seed: 15088739826998971007

200 sleeves the Gusty (level 5, -4/31 HPs)
             Began as an Octopode Air Elementalist on Dec 7, 2022.
             Killed from afar by an orc wizard (8 damage)
             ... with a magic dart
             ... on level 3 of the Dungeon.
             The game lasted 00:03:01 (2448 turns).

sleeves the Gusty (Octopode Air Elementalist)       Turns: 2448, Time: 00:03:02

Health: -4/31      AC:  9    Str:  8    XL:     5   Next: 78%
Magic:  4/8        EV: 13    Int: 19    God:
Gold:   114        SH:  0    Dex: 12    Spells: 7/8 levels left

rFire   . . .      SeeInvis .    n - +3 dagger (elec)
rCold   . . .      Faith    .    (no shield)
rNeg    . . .      Spirit   .    (helmet restricted)
rPois   .          Reflect  .    (no amulet)
rElec   .          Harm     .    h - +4 ring of protection
rCorr   .          Rampage  .    m - +4 ring of protection
Will    .....                    (no ring)
Stlth   +++.......               (no ring)
HPRegen 0.25/turn                (no ring)
MPRegen 0.11/turn                (no ring)
                                 (no ring)
                                 (no ring)

@: no status effects
A: almost no armour, amphibious, 8 rings, camouflage 1, gelatinous body 1,
(nimble swimmer 1), tentacles
a: no special abilities


You were on level 3 of the Dungeon.
You visited 1 branch of the dungeon, and saw 3 of its levels.

You collected 114 gold pieces.

Inventory:

Hand Weapons
 n - a +3 dagger of electrocution (weapon)
   (You took it off a kobold on level 3 of the Dungeon)
Jewellery
 h - a +4 ring of protection (left tentacle)
   (You found it on level 2 of the Dungeon)
 m - a +4 ring of protection (right tentacle)
   (You found it on level 3 of the Dungeon)
Scrolls
 g - a scroll of acquirement {unknown}
 i - a scroll of enchant armour {unknown}
 j - 2 scrolls of summoning {unknown}
 l - a scroll of immolation {unknown}
Potions
 a - a potion of magic
 b - 3 potions of haste {unknown}
 c - 3 potions of brilliance {unknown}
 d - 2 potions of attraction {unknown}
 e - 3 potions of lignification {unknown}
 f - 4 potions of curing {unknown}
 k - 2 potions of degeneration {unknown}


   Skills:
 - Level 2.0 Dodging
 - Level 2.6 Stealth
 - Level 2.0 Spellcasting
 - Level 1.0 Conjurations
 + Level 6.3 Air Magic


You had 7 spell levels left.
You knew the following spells:

 Your Spells              Type           Power      Damage    Failure   Level
a - Shock                 Conj/Air       60%        1d6       3%          1

Your spell library contained the following spells:

 Spells                   Type           Power      Damage    Failure   Level
 Swiftness                Air            25%        N/A       3%          3
 Static Discharge         Conj/Air       30%        2-4/arc   6%          2
 Poisonous Vapours        Pois/Air       26%        N/A       7%          2
 Magic Dart               Conj           20%        1d4       11%         1
 Airstrike                Air            12%        2d(2-18)  13%         4
 Sting                    Tmut/Pois      4%         1d3       17%         1
 Mephitic Cloud           Conj/Pois/Air  11%        N/A       19%         3
 Call Imp                 Summ           1%         N/A       26%         2
 Olgreb's Toxic Radiance  Pois           1%         N/A       86%         4


Dungeon Overview and Level Annotations

Branches:
Dungeon (3/15)

Altars:
Uskayaw

Shops:
D:1 :=*


Innate Abilities, Weirdness & Mutations

You cannot wear most types of armour.
You are amphibious.
You can wear up to eight rings at the same time.
Your skin changes colour to match your surroundings (Stealth+).
Your rubbery body absorbs attacks. (AC +1, EV +1)
((You are camouflaged when in or above water. (Stealth+)))
You have tentacles for arms and can constrict up to eight enemies at once.


Message History

Welcome, sleeves the Octopode Air Elementalist.
The heart of this dungeon contains the transcendent artefact, the Orb of Zot.
Press ? for a list of commands and other information.
Found a staircase leading out of the dungeon.
Found a ring mail.
You now have 12 gold pieces.
b - a glowing blue potion
Found 4 stones.
c - 2 amethyst potions A dart slug comes into view.
A dart slug is nearby!
A dart slug is nearby!
A dart slug is nearby!
The zap hits the dart slug.
The dart slug is heavily wounded.
The zap hits the dart slug.
You kill the dart slug!
You can't see any susceptible monsters within range! (Use Z to cast anyway.) Magic restored.
Found a robe.
You see here a +0 robe.
Found Tyinui's Jewellery Emporium.
There is an entrance to Tyinui's Jewellery Emporium here.
You can access your shopping list by pressing '$'.
Unknown command.
A frilled lizard comes into view.
A frilled lizard is nearby!
A frilled lizard is nearby!
The zap hits the frilled lizard.
You kill the frilled lizard!
You can't see any susceptible monsters within range! (Use Z to cast anyway.)
You can't see any susceptible monsters within range! (Use Z to cast anyway.)
A ball python comes into view.
A ball python is nearby!
A ball python is nearby!
The zap hits the ball python.
You kill the ball python!
You can't see any susceptible monsters within range! (Use Z to cast anyway.)
You can't see any susceptible monsters within range! (Use Z to cast anyway.)
Found a dagger.
A bat comes into view.
A bat is nearby!
A bat is nearby!
You miscast Shock.
You are very lightly contaminated with residual magic.
Nothing appears to happen.
The zap hits the bat.
The bat is moderately wounded.
The zap hits the bat.
You kill the bat!
Your magical contamination has completely faded away.
You see here a +0 dagger.
A rat and a goblin come into view.
Found a stone staircase leading down.
There are monsters nearby!
There are monsters nearby!
The zap hits the rat.
You kill the rat!
The zap hits the goblin.
You kill the goblin!
You have reached level 2!
There is a stone staircase leading down here.
You see here a rat corpse.
A frilled lizard comes into view.
Found 5 stones.
You see here a +0 dagger.
A frilled lizard is nearby!
A frilled lizard is nearby!
The zap hits the frilled lizard.
You kill the frilled lizard!
You can't see any susceptible monsters within range! (Use Z to cast anyway.)
d - 2 bubbling amethyst potions A kobold comes into view.
It is wielding a +0 club.
A kobold is nearby!
A kobold is nearby!
You miscast Shock.
You are very lightly contaminated with residual magic.
Nothing appears to happen.
The zap hits the kobold.
You kill the kobold!
Your magical contamination has completely faded away.
Things that are here:
a +0 club; a kobold corpse
Found a stone staircase leading down.
You now have 24 gold pieces (gained 12).
Found Qetroom's General Store.
There is an entrance to Qetroom's General Store here.
An endoplasm comes into view.
An endoplasm is nearby!
An endoplasm is nearby!
The zap hits the endoplasm.
The endoplasm is lightly wounded.
The endoplasm quivers.
The zap hits the endoplasm.
The endoplasm is severely wounded.
An endoplasm is nearby!
An endoplasm is nearby!
An endoplasm is nearby!
The zap hits the endoplasm.
You kill the endoplasm!
You can't see any susceptible monsters within range! (Use Z to cast anyway.)
You can't see any susceptible monsters within range! (Use Z to cast anyway.)
c - 3 amethyst potions (gained 1)
You now have 37 gold pieces (gained 13).
You pick up a book of Minor Magic and begin reading...
You add the spells Magic Dart, Call Imp and Mephitic Cloud to your library.
e - a black potion You now have 45 gold pieces (gained 8).
You pick up a Young Poisoner's Handbook and begin reading...
You add the spells Sting, Poisonous Vapours and Olgreb's Toxic Radiance to your library.
You now have 54 gold pieces (gained 9).
A hobgoblin comes into view.
The hobgoblin shouts!
A hobgoblin is nearby!
A hobgoblin is nearby!
The zap misses the hobgoblin.
The zap hits the hobgoblin.
The hobgoblin is lightly wounded.
The hobgoblin barely misses you.
The zap misses the hobgoblin.
The hobgoblin barely misses you.
The zap hits the hobgoblin.
The hobgoblin is heavily wounded.
The hobgoblin hits you.
The zap hits the hobgoblin.
The hobgoblin is almost dead.
* * * LOW MAGIC WARNING * * *
The hobgoblin misses you.
You are out of magic!
You tentacle-slap the hobgoblin.
You kill the hobgoblin!
No target in view!
No target in view!
No target in view!
No target in view!
Okay, then.
HP restored.
You see here a hobgoblin corpse.
Found Woolil's Book Shoppe.
You open the door.
There is an open door here.
There is an entrance to Woolil's Book Shoppe here.
Okay, then.
Okay, then.
You open the door. You open the door.
There is an open door here.
You see here a +0 dagger.
Found a stone staircase leading down.
f - a bubbling red potion You open the door.
There is an open door here.
You enter the deep water.
You sink to the bottom.
You sink to the bottom.
As you open the door, it creaks loudly!
There is an open door here.
Found a hand axe.
You see here a +0 hand axe.
There is an entrance to Qetroom's General Store here.
You now have 59 gold pieces (gained 5).
There is an open door here.
You open the door.
There is an open door here.
Key pressed, stopping explore.
Done exploring.
Done exploring.
(D) Dungeon
Where to? (? - help)
There is a stone staircase leading down here.
You climb downwards.
Found an escape hatch in the floor.
There is a stone staircase leading up here.
A ball python comes into view.
You see here a bubbling red potion.
A ball python is nearby!
A ball python is nearby!
The zap hits the ball python.
The ball python is moderately wounded.
The ball python hisses angrily.
The zap hits the ball python.
You kill the ball python!
You can't see any susceptible monsters within range! (Use Z to cast anyway.) Magic restored.
f - 2 bubbling red potions (gained 1)
Found 6 stones.
An adder comes into view.
The adder hisses angrily.
An adder is nearby!
The zap hits the adder.
The adder is moderately wounded.
The zap misses the adder.
The zap hits the adder.
The adder is severely wounded.
You miscast Shock.
You are very lightly contaminated with residual magic.
Nothing appears to happen.
The zap hits the adder.
The adder is almost dead.
The adder closely misses you.
The zap hits the adder.
You kill the adder!
* * * LOW MAGIC WARNING * * *
Your Air Magic skill increases to level 4!
Your magical contamination has completely faded away.
g - a scroll labelled UCVACV VANE A rat comes into view.
A rat is nearby!
The zap hits the rat.
The rat is heavily wounded.
The zap hits the rat.
You kill the rat!
You can't see any susceptible monsters within range! (Use Z to cast anyway.)
h - a +4 ring of protection Shopping list: remove a +4 ring of protection on D:1? (Y/n) [Y]es or [N]o only, please.
Shopping list: remove a +4 ring of protection on D:1? (Y/n)
Okay, then.
h - a +4 ring of protection (left tentacle)
You now have 68 gold pieces (gained 9).
A bat comes into view.
A bat is nearby!
A bat is nearby!
A bat is nearby!
The zap hits the bat.
The bat is heavily wounded.
The zap misses the bat.
The zap hits the bat.
You kill the bat!
A frilled lizard comes into view.
A frilled lizard is nearby!
A frilled lizard is nearby!
A frilled lizard is nearby!
The zap hits the frilled lizard.
You kill the frilled lizard!
You have reached level 3!
Your experience leads to an increase in your attributes!
Increase (S)trength, (I)ntelligence, or (D)exterity?
You feel clever. x2
Found a stone staircase leading down.
There is a stone staircase leading down here.
A bat comes into view.
A bat is nearby!
A bat is nearby!
The zap hits the bat.
The bat is moderately wounded.
The zap misses the bat.
The bat hits you but does no damage.
The zap hits the bat.
You kill the bat!
Found a stone staircase leading down.
Found a whip.
A goblin comes into view. It is wielding a +0 club.
A goblin is nearby!
The zap hits the goblin.
The goblin is moderately wounded.
The zap hits the goblin.
The goblin is heavily wounded.
The zap hits the goblin.
You kill the goblin!
A kobold comes into view. It is wielding a +0 short sword.
Found a sedimented dark potion.
A kobold is nearby!
A kobold is nearby!
A kobold is nearby!
The zap hits the kobold.
The kobold is heavily wounded.
The zap hits the kobold.
The kobold is severely wounded.
The zap hits the kobold.
You kill the kobold!
A worm comes into view.
The zap hits the worm.
The worm is moderately wounded.
A worm is nearby!
A worm is nearby!
The zap hits the worm.
The worm is heavily wounded.
You miscast Shock.
You are very lightly contaminated with residual magic.
Nothing appears to happen.
* * * LOW MAGIC WARNING * * *
You are out of magic!
You are out of magic!
You are out of magic!
You see here a +0 short sword.
You tentacle-slap the worm. Your grab misses the worm.
The worm is moderately wounded.
The worm bites you!
You are too injured to fight recklessly!
You are too injured to fight recklessly!
You are too injured to fight recklessly!
You are too injured to fight recklessly!
You are too injured to fight recklessly!
You are too injured to fight recklessly!
You are too injured to fight recklessly!
You are too injured to fight recklessly!
You are too injured to fight recklessly!
You are too injured to fight recklessly!
You are too injured to fight recklessly!
You are too injured to fight recklessly!
You are too injured to fight recklessly!
You are too injured to fight recklessly!
You are too injured to fight recklessly!
You see here a +0 short sword.
i - a +0 short sword Your magical contamination has completely faded away.
i - a +0 short sword (weapon)
You can't see any susceptible monsters within range! (Use Z to cast anyway.)
You can't see any susceptible monsters within range! (Use Z to cast anyway.)
A worm is nearby!
A worm is nearby!
A worm is nearby!
You hit the worm. You grab the worm.
The worm is lightly wounded.
You constrict the worm. The worm bites you but does no damage.
You hit the worm.
The worm is moderately wounded.
You constrict the worm. The worm bites you but does no damage.
You hit the worm.
The worm is heavily wounded.
You constrict the worm. You hit the worm.
The worm is severely wounded.
You constrict the worm. The worm bites you.
You hit the worm.
The worm is severely wounded.
You constrict the worm. You hit the worm but do no damage.
You tentacle-slap the worm.
The worm is almost dead.
You constrict the worm. The worm barely misses you.
You hit the worm but do no damage.
The worm is almost dead.
You constrict the worm.
You kill the worm!
No target in view!
No target in view!
No target in view!
No target in view!
No target in view!
No target in view!
No target in view!
No target in view!
HP restored.
Found an escape hatch in the ceiling.
j - a scroll labelled EROENI CIYZAWESKA
There is an escape hatch in the ceiling here.
k - a sedimented dark potion A bat comes into view.
Found a stone staircase leading up.
A bat is nearby!
A bat is nearby!
The zap hits the bat.
You kill the bat!
You can't see any susceptible monsters within range! (Use Z to cast anyway.)
You can't see any susceptible monsters within range! (Use Z to cast anyway.) As you open the door, it creaks loudly!
You hear a shout!
There is an open door here.
A kobold comes into view. It is wielding a +0 club.
Found 2 glowing blue potions.
A kobold is nearby!
The kobold hits you with a +0 club.
You closely miss the kobold. Your grab misses the kobold.
The kobold barely misses you.
You hit the kobold but do no damage. Your grab misses the kobold.
The kobold barely misses you.
You barely miss the kobold. You grab the kobold. You constrict the kobold.
The kobold barely misses you.
You hit the kobold but do no damage. You squeeze the kobold.
You kill the kobold!
No target in view!
No target in view!
No target in view!
No target in view!
No target in view!
An endoplasm comes into view.
Things that are here:
a +0 club; a kobold corpse An endoplasm is nearby!
An endoplasm is nearby!
An endoplasm is nearby!
The zap hits the endoplasm.
You kill the endoplasm!
You can't see any susceptible monsters within range! (Use Z to cast anyway.)
You can't see any susceptible monsters within range! (Use Z to cast anyway.)
b - 3 glowing blue potions (gained 2)
Found a stone staircase leading down.
You now have 71 gold pieces (gained 3).
j - 2 scrolls labelled EROENI CIYZAWESKA (gained 1)
Found a club.
A giant cockroach comes into view.
The zap hits the giant cockroach.
The giant cockroach is heavily wounded.
The zap hits the giant cockroach.
You kill the giant cockroach!
e - 2 black potions (gained 1)
A goblin comes into view. It is wielding a +0 dagger.
You see here a giant cockroach corpse.
A goblin is nearby!
A goblin is nearby!
The goblin hits you but does no damage.
You hit the goblin.
You kill the goblin!
No target in view!
No target in view!
No target in view!
No target in view!
Found a hide-covered altar of Uskayaw.
Things that are here:
a +0 dagger; a goblin corpse An adder comes into view.
An adder is nearby!
The zap hits the adder.
The adder is lightly wounded.
The adder hisses angrily.
The zap hits the adder.
The adder is severely wounded.
The zap hits the adder.
You kill the adder!
You can't see any susceptible monsters within range! (Use Z to cast anyway.)
You now have 83 gold pieces (gained 12).
Found a plate armour.
You now have 89 gold pieces (gained 6).
Found a robe.
Found a stone staircase leading up.
A worm comes into view.
A worm is nearby!
A worm is nearby!
A worm is nearby!
The zap hits the worm.
The worm is lightly wounded.
The zap hits the worm.
The worm is lightly wounded.
The zap hits the worm.
The worm is moderately wounded.
The zap hits the worm.
The worm is heavily wounded.
The zap hits the worm.
The worm is severely wounded.
You hit the worm. Your grab misses the worm.
The worm is almost dead.
The worm bites you.
You hit the worm but do no damage. Your grab misses the worm.
You squeeze the worm, but do no damage.
The worm is almost dead.
You hit the worm. You grab the worm. You squeeze the worm.
You kill the worm!
No target in view!
No target in view!
No target in view!
No target in view!
No target in view!
No target in view!
No target in view!
No target in view!
Found 6 stones.
A kobold comes into view. It is wielding a +0 dagger.
The kobold shouts!
The kobold throws a stone.
The stone closely misses you.
A kobold is nearby!
A kobold is nearby!
The zap misses the kobold.
The zap hits the kobold.
You kill the kobold!
No target in view!
No target in view!
No target in view!
No target in view!
No target in view!
l - a scroll labelled UQIUPU TUNTOL
Things that are here:
a +0 dagger; a stone An endoplasm comes into view.
An endoplasm is nearby!
An endoplasm is nearby!
The zap hits the endoplasm.
The endoplasm is lightly wounded.
The endoplasm quivers.
You hit the endoplasm but do no damage. You squeeze the endoplasm.
The endoplasm is almost dead.
The endoplasm jiggles.
The endoplasm barely misses you.
The zap hits the endoplasm.
You kill the endoplasm!
No target in view!
Things that are here:
a +0 dagger; a stone You see here 6 stones.
Done exploring.
Done exploring.
Done exploring.
Done exploring.
(D) Dungeon
Where to? (Enter - D:2, ? - help)
There is a stone staircase leading down here.
You climb downwards.
Found a black potion.
There is a stone staircase leading up here.
e - 3 black potions (gained 1)
A bat comes into view.
A bat is nearby!
A bat is nearby!
The zap hits the bat.
The bat is heavily wounded.
The zap hits the bat.
You kill the bat!
You can't see any susceptible monsters within range! (Use Z to cast anyway.) Magic restored.
A necrophage comes into view.
A necrophage is nearby!
A necrophage is nearby!
There is a stone staircase leading up here.
An ogre comes into view. It is wielding a +0 giant club.
The ogre shouts!
An ogre is nearby!
An ogre is nearby!
An ogre is nearby!
Casting: Shock (safe; 5% risk of failure)
Confirm with . or Enter, or press ? or * to list all spells.
Aiming: Shock (safe; 5% risk of failure)
Press: ? - help, Shift-Dir - straight line, f - ogre
Aim: an ogre, wielding a +0 giant club (85% to hit)
The zap hits the ogre.
The ogre is lightly wounded.
Casting: Shock (safe; 5% risk of failure)
Confirm with . or Enter, or press ? or * to list all spells.
Aiming: Shock (safe; 5% risk of failure)
Press: ? - help, Shift-Dir - straight line, f/p - ogre
Aim: an ogre, wielding a +0 giant club (lightly wounded, 85% to hit)
The zap hits the ogre.
The ogre is moderately wounded.
You hit the ogre but do no damage.
The ogre is moderately wounded.
The ogre hits you with a +0 giant club.
You hit the ogre. Your squeeze misses the ogre.
The ogre is moderately wounded.
You hit the ogre.
The ogre is heavily wounded.
The ogre barely misses you.
You hit the ogre. You squeeze the ogre.
The ogre is almost dead.
The ogre misses you.
You hit the ogre.
You kill the ogre!
Your Air Magic skill increases to level 5!
You have reached level 4!
You have reached level 5!
You feel stronger.
HP restored.
Things that are here:
a +0 giant club; an ogre corpse A worm comes into view.
A worm is nearby!
A worm is nearby!
A worm is nearby!
The zap hits the worm.
The worm is lightly wounded.
The zap hits the worm.
The worm is moderately wounded.
The zap hits the worm.
The worm is heavily wounded.
The zap hits the worm.
The worm is heavily wounded.
The zap hits the worm.
The worm is severely wounded.
The zap hits the worm.
The worm is almost dead.
The worm misses you.
The zap hits the worm.
The worm is almost dead.
* * * LOW MAGIC WARNING * * *
You barely miss the worm. You grab the worm. You squeeze the worm.
You kill the worm!
No target in view!
No target in view!
No target in view!
No target in view!
No target in view!
No target in view!
You see here a worm corpse.
m - a +4 ring of protection A kobold comes into view.
It is wielding a +3 dagger of electrocution.
A kobold is nearby!
A kobold is nearby!
The zap hits the kobold.
You kill the kobold!
You can't see any susceptible monsters within range! (Use Z to cast anyway.)
You can't see any susceptible monsters within range! (Use Z to cast anyway.)
Things that are here:
a +3 dagger of electrocution; a kobold corpse
n - a +3 dagger of electrocution You hear the crackle of electricity.
n - a +3 dagger of electrocution (weapon)
You drop a +0 short sword.
m - a +4 ring of protection (right tentacle)
A rat comes into view.
A rat is nearby!
A rat is nearby!
A rat is nearby!
Found a distressingly furry robe.
The rat bites you.
You hit the rat but do no damage. Lightning courses through the rat!
You kill the rat!
No target in view!
No target in view!
No target in view!
No target in view!
No target in view!
HP restored.
You see here the +1 robe of Mepog {Dex+2}.
A rat comes into view.
A rat is nearby!
A rat is nearby!
A rat is nearby!
The rat bites you but does no damage.
You closely miss the rat. Your grab misses the rat.
Your tentacle-slap misses the rat.
Your squeeze misses the rat. The rat misses you.
You hit the rat.
You kill the rat!
No target in view!
No target in view!
No target in view!
No target in view!
Found a stone staircase leading down.
An endoplasm comes into view.
An endoplasm is nearby!
The helpless endoplasm fails to defend itself.
You puncture the endoplasm!
Lightning courses through the endoplasm!
You kill the endoplasm!
No target in view!
No target in view!
No target in view!
No target in view!
No target in view!
There is a stone staircase leading down here.
You now have 102 gold pieces (gained 13).
f - 3 bubbling red potions (gained 1)
An orc wizard comes into view. It is wielding a +0 dagger.
An orc wizard is nearby!
An orc wizard is nearby!
An orc comes into view. It is wielding a +1 whip of holy wrath.
An orc comes into view. It is wielding a +0 hand axe.
Found a falchion.
The orc wizard shouts!
The orc shouts! x2
You hit the orc. Your grab misses the orc.
The orc is almost dead.
The orc misses you.
You barely miss the orc. Your grab misses the orc.
The orc is almost dead.
The orc barely misses you.
You hit the orc.
You kill the orc!
The orc wizard gestures wildly while chanting.
The orc wizard flickers and vanishes!
Deactivating autopickup; reactivate with Ctrl-A.
You hit the orc. You grab the orc.
The orc is moderately wounded.
You constrict the orc. The orc misses you.
You hit the orc.
You kill the orc!
You hear some strange, mumbled words.
You are confused.
You are too confused!
You are too confused!
You are too confused!
You are too confused!
You are too confused!
You are too confused!
You are too confused!
You are too confused!
You are too confused!
You are too confused!
You are too confused!
You are too confused!
Something hits you but does no damage.
You closely miss something. Your squeeze misses something.
An endoplasm comes into view.
Something hits you but does no damage. Something hits you but does no damage.
You hear some strange, mumbled words.
Something tries to affect you, but you resist.
You bump into the rock wall.
You feel less confused.
A magic dart appears from out of thin air!
The magic dart hits you. Something hits you but does no damage.
You miss something. Something hits you but does no damage.
The endoplasm quivers.
You puncture something! Something hits you but does no damage.
You hit something. Lightning courses through something!
Reactivating autopickup.
You feel a bit more experienced.
Your Air Magic skill increases to level 6!
Items here: ))) [ †.
You hit the endoplasm. Your squeeze misses the endoplasm.
The endoplasm is lightly wounded.
The endoplasm completely misses you.
You hit the endoplasm.
The endoplasm is lightly wounded.
The endoplasm closely misses you.
You barely miss the endoplasm.
The endoplasm is lightly wounded.
The endoplasm closely misses you.
You hit the endoplasm.
Lightning courses through the endoplasm!
You kill the endoplasm!
An orc comes into view. It is wielding a +0 short sword.
An orc is nearby!
An orc is nearby!
An orc comes into view.
It is wielding a +0 club. 2 orcs come into view.
An orc and a rat come into view.
You see here 4 gold pieces.
The orc shouts!
You hear a shout!
The orc throws a boomerang.
The boomerang hits you but does no damage.
The orc throws a boomerang.
The boomerang closely misses you.
Found a scroll labelled TUK KUEFEZAOCA.
The orc shouts! x2
The orc completely misses you.
You hear a shout!
You hit the orc. Your grab misses the orc.
The orc is lightly wounded.
A goblin comes into view. It is wielding a +0 club.
The orc completely misses you. The orc hits you but does no damage.
You barely miss the orc. Your grab misses the orc.
The orc is lightly wounded.
The orc closely misses you. x2; The orc misses you.
You closely miss the orc. You grab the orc. Your squeeze misses the orc.
The orc is lightly wounded.
You constrict the orc.
A kobold comes into view. It is wielding a +0 whip of draining.
The orc barely misses you. The orc hits you but does no damage.
The orc misses you.
You hit the orc. You squeeze the orc.
You kill the orc!
The orc completely misses you. x2
There are monsters nearby!
There are monsters nearby!
The orc attacks as you move away! The orc misses you.
The orc throws a boomerang.
The boomerang hits you but does no damage.
The orc throws a boomerang.
The boomerang misses you.
The rat twitches its whiskers.
You see here 4 gold pieces.
You barely miss the orc. You grab the orc. You constrict the orc.
The orc hits you with a +0 flail.
You hit the orc.
The orc is heavily wounded.
You constrict the orc. The orc hits you with a +0 flail!
You hit the orc.
You kill the orc!
Things that are here:
a +0 flail; 2 boomerangs You barely miss the orc.
Your grab misses the orc. You squeeze the orc.
The orc is moderately wounded.
The orc closely misses you.
You closely miss the orc. Your grab misses the orc.
The orc is moderately wounded.
The orc closely misses you.
You hit the orc but do no damage. You grab the orc. You squeeze the orc.
The orc is heavily wounded.
You constrict the orc, but do no damage.
The orc hits you but does no damage.
You hit the orc but do no damage. You squeeze the orc.
You kill the orc!
You barely miss the rat. Your grab misses the rat. Your squeeze misses the rat.
The rat bites you but does no damage.
You closely miss the rat. Your grab misses the rat. The rat closely misses you.
You barely miss the rat. Your grab misses the rat. The rat misses you.
You barely miss the rat. Your grab misses the rat. The rat closely misses you.
You hit the rat.
You kill the rat!
You barely miss the goblin. You grab the goblin. You constrict the goblin.
The goblin hits you but does no damage.
You hit the goblin.
You kill the goblin!
You hit the kobold. You grab the kobold.
The kobold is moderately wounded.
You constrict the kobold, but do no damage.
The kobold hits you but does no damage.
You feel drained.
You hit the kobold.
The kobold is heavily wounded.
You constrict the kobold. The kobold barely misses you.
You hit the kobold.
You kill the kobold!
You puncture the orc!
You kill the orc!
You hit the orc but do no damage. Lightning courses through the orc!!
You kill the orc!
No target in view!
No target in view!
No target in view!
No target in view!
No target in view!
No target in view!
No target in view!
No target in view!
No target in view!
No target in view!
No target in view!
A dart slug comes into view.
Items here: ))))) [ ††††.
A dart slug is nearby!
A dart slug is nearby!
A dart slug is nearby!
A dart slug is nearby!
Found a stone staircase leading down and a stone staircase leading up.
You hit the dart slug. You grab the dart slug.
The dart slug is moderately wounded.
You constrict the dart slug. You hit the dart slug but do no damage.
You squeeze the dart slug.
You kill the dart slug!
No target in view!
No target in view!
No target in view!
No target in view!
No target in view!
Items here: ))))) [ ††††.
Things that are here:
a +0 flail; 2 boomerangs You now have 106 gold pieces (gained 4).
Things that are here:
a +0 flail; 2 boomerangs
Items here: ))))) [ ††††.
i - a scroll labelled TUK KUEFEZAOCA
Found a robe.
You now have 114 gold pieces (gained 8).
Found an escape hatch in the floor.
There is an escape hatch in the floor here.
f - 4 bubbling red potions (gained 1)
An adder comes into view.
Found a sedimented dark potion.
Found 8 stones.
The helpless adder fails to defend itself.
You puncture the adder! Lightning courses through the adder!
You kill the adder!
Your life force feels restored.
No target in view!
No target in view!
No target in view!
k - 2 sedimented dark potions (gained 1)
An orc wizard and an orc come into view.
The orc is wielding a +1 dagger of venom.
There are monsters nearby!
There are monsters nearby!
There are monsters nearby!
An endoplasm comes into view.
Found a runed mace.
Found 6 stones.
Found a stone staircase leading up.
The helpless endoplasm fails to defend itself.
You hit the endoplasm.
The endoplasm is almost dead.
The endoplasm jiggles.
The endoplasm closely misses you.
You hit the endoplasm but do no damage.
The endoplasm is almost dead.
The endoplasm barely misses you.
You hit the endoplasm.
Lightning courses through the endoplasm!
You kill the endoplasm!
No target in view!
No target in view!
No target in view!
No target in view!
You see here a +4 mace.
No target in view!
No target in view!
No target in view!
No target in view!
No target in view!
No target in view!
No target in view!
Found a short sword.
Found a stone staircase leading down.
No target in view!
No target in view!
No target in view!
No target in view!
You see here a +4 mace.
An orc comes into view.
It is wielding a +0 flail of protection.
An orc comes into view. It is wielding a +0 trident.
The orc shouts!
The orc wizard shouts!
The orc wizard casts a spell.
The orc wizard flickers and vanishes!
Deactivating autopickup; reactivate with Ctrl-A.
The orc hits you but does no damage.
You are poisoned.
You barely miss the orc. You grab the orc. You constrict the orc.
You feel very sick. The orc closely misses you.
You hit the orc.
The orc is moderately wounded.
You constrict the orc.
You feel sick.
The orc hits you with a +1 dagger of venom.
You are more poisoned.
You hit the orc.
You kill the orc!
You feel very sick.
You hit the orc but do no damage. You grab the orc.
You constrict the orc, but do no damage.
You feel very sick.
The orc hits you with a +0 flail of protection.
* * * LOW HITPOINT WARNING * * *
You are too injured to fight recklessly!
You are too injured to fight recklessly!
You are too injured to fight recklessly!
You are too injured to fight recklessly!
You are too injured to fight recklessly!
You are too injured to fight recklessly!
You are too injured to fight recklessly!
You are too injured to fight recklessly!
You are too injured to fight recklessly!
You are too injured to fight recklessly!
You are too injured to fight recklessly!
You are too injured to fight recklessly!
You are too injured to fight recklessly!
You are too injured to fight recklessly!
You are too injured to fight recklessly!
You are too injured to fight recklessly!
You are too injured to fight recklessly!
You are too injured to fight recklessly!
You are too injured to fight recklessly!
You hit the orc but do no damage.
You constrict the orc, but do no damage.
You feel sick. The orc closely misses you.
You hit the orc but do no damage.
You constrict the orc, but do no damage.
You feel sick. The orc closely misses you.
You hit the orc but do no damage. You squeeze the orc, but do no damage.
You constrict the orc, but do no damage.
You feel sick. The orc completely misses you.
You hit the orc but do no damage.
You constrict the orc, but do no damage.
You feel sick. The orc misses you.
You hit the orc but do no damage. Lightning courses through the orc!
You kill the orc!
You feel sick.
You closely miss something. You squeeze something.
You feel sick. Something barely misses you.
The orc hits you from afar with a +0 trident.
* * * LOW HITPOINT WARNING * * *
You feel sick.
You are no longer poisoned.
You hear some strange, mumbled words.
Something tries to affect you, but you resist.
You aren't carrying any items that you can evoke.
Casting: Shock (safe; 3% risk of failure)
Confirm with . or Enter, or press ? or * to list all spells.
Aiming: Shock (safe; 3% risk of failure)
Press: ? - help, Shift-Dir - straight line, f - orc
Aim: an orc, wielding a +0 trident and wearing a +0 leather armour (71% to hit)
The zap hits the orc.
The orc is lightly wounded.
Casting: Shock (safe; 3% risk of failure)
Confirm with . or Enter, or press ? or * to list all spells.
Aiming: Shock (safe; 3% risk of failure)
Press: ? - help, Shift-Dir - straight line, f/p - orc
Aim: an orc, wielding a +0 trident and wearing a +0 leather armour (lightly wounded, 71% to hit)
The zap hits something.
The zap misses the orc.
Something barely misses you. The orc closely misses you.
Casting: Shock (safe; 3% risk of failure)
Confirm with . or Enter, or press ? or * to list all spells.
Aiming: Shock (safe; 3% risk of failure)
Press: ? - help, Shift-Dir - straight line, f/p - orc
Aim: an orc, wielding a +0 trident and wearing a +0 leather armour (lightly wounded, 71% to hit)
The zap hits something.
The zap hits the orc.
The orc is almost dead.
Something hits you.
* * * LOW HITPOINT WARNING * * *
The orc hits you from afar with a +0 trident.
* * * LOW HITPOINT WARNING * * *
Casting: Shock (safe; 3% risk of failure)
Confirm with . or Enter, or press ? or * to list all spells.
Aiming: Shock (safe; 3% risk of failure)
Press: ? - help, Shift-Dir - straight line, f/p - orc
Aim: an orc, wielding a +0 trident and wearing a +0 leather armour (almost dead, 71% to hit)
The zap hits something.
The zap hits the orc.
You kill the orc!
You hear some strange, mumbled words.
A magic dart appears from out of thin air!
The magic dart hits you!
You die...

#...# )# #...# ### # .# #...#
..#.# .# #...#(###.#.# .#
########...#.......# .#
####..........#####.#######.#####
.......................).........
####........(.##.##.##.#.........
#..........##@#.......####.###
#..........##{#<....### #
#..........##)####..# ##
#############.# ....# .#
#)#.##.## .#### #.# ... .)..###
#.# .##...## #.# .####..# #.#


There were no monsters in sight!

Vanquished Creatures
  An ogre (D:3)
  An orc wizard (D:3)
  3 adders
  3 worms
  2 dart slugs
  10 orcs (D:3)
  6 endoplasms
  A giant cockroach (D:2)
  4 goblins
  A hobgoblin (D:1)
  2 ball pythons
  5 bats
  3 frilled lizards
  6 kobolds
  5 rats
53 creatures vanquished.

Notes
Turn   | Place    | Note
-------+----------+-------------------------------------------
     0 | D:1      | sleeves the Octopode Air Elementalist began the quest for
                  | the Orb.
     0 | D:1      | Reached XP level 1. HP: 11/11 MP: 3/3
   113 | D:1      | Found Tyinui's Jewellery Emporium.
   230 | D:1      | Reached XP level 2. HP: 17/17 MP: 3/5
   374 | D:1      | Found Qetroom's General Store.
   540 | D:1      | Found Woolil's Book Shoppe.
   971 | D:2      | Reached skill level 4 in Air Magic
  1151 | D:2      | Reached XP level 3. HP: 21/21 MP: 4/6
  1549 | D:2      | Found a hide-covered altar of Uskayaw.
  1952 | D:3      | Noticed a necrophage
  1977 | D:3      | Noticed an ogre
  1989 | D:3      | Killed an ogre
  1990 | D:3      | Reached skill level 5 in Air Magic
  1990 | D:3      | Reached XP level 4. HP: 25/27 MP: 4/7
  1990 | D:3      | Reached XP level 5. HP: 29/31 MP: 4/8
  2166 | D:3      | Identified the +1 robe of Mepog {Dex+2}
  2229 | D:3      | Reached skill level 6 in Air Magic
  2435 | D:3      | HP: 14/31 [orc/+0 flail of protection (6)]
  2440 | D:3      | HP: 8/31 [poisoned by an orc]
  2447 | D:3      | HP: 5/31 [something (2)]
  2448 | D:3      | Killed from afar by an orc wizard

Illustrated notes

Levels and vault maps discovered:
D:1:      dpeg_arrival_arbitrary_a, layout_loops_ring, serial_shops,
          nicolae_shop_hallway_plus, shop, nicolae_shop_trees,
          chequers_serial_rivers_room_b
D:2:      layout_loops_ring, basic_altar, grunt_ministairs_14
D:3:      layout_basic

Skill      XL: |  1  2  3  4  5 |
---------------+----------------+-----
Air Magic      | 4 5 6 |  6.3
Dodging        | |  2.0
Stealth        | |  2.6
Spellcasting   | |  2.0
Conjurations   | |  1.0

Action                   |  1- 3 |  4- 6 || total
-------------------------+-------+-------++-------
Melee: Unarmed           |     2 |       ||     2
       Short sword       |    21 |     1 ||    22
       Tentacles         |     5 |     8 ||    13
       Constrict         |     3 |    10 ||    13
       Punch             |     1 |       ||     1
       Dagger            |       |    56 ||    56
 Cast: Shock             |    59 |    12 ||    71
 Stab: Sleeping          |       |     3 ||     3
Armor: Skin              |     4 |    16 ||    20
Dodge: Dodged            |    12 |    36 ||    48

Table legend: (Time is in decaauts)
 A = Elapsed time spent in this place.
 B = Non-inter-level travel time spent in this place.
 C = Inter-level travel time spent in this place.
 D = Time resting spent in this place.
 E = Time spent auto-exploring this place.
 F = Levels seen in this place.
 G = Mean time per level.
                   A        B        C        D        E       F      G
               +--------+--------+--------+--------+--------+-----+--------+
         Total |   2445 |   2379 |     66 |      0 |   2030 |   3 |  815.0 |
       Dungeon |   2445 |   2379 |     66 |      0 |   2030 |   3 |  815.0 |
               +--------+--------+--------+--------+--------+-----+--------+

Top non-repeatable levels by time:
     D:2: 1001 daAuts
     D:1: 916 daAuts
     D:3: 527 daAuts
